 Dungeon Crawl Stone Soup version 0.29.1-4-g47bece8355 (webtiles) character file.

Game seed: 10478263431298204071

714 hawla the Chiller (level 8, -8/62 HPs)
             Began as a Meteoran Ice Elementalist on Dec 4, 2022.
             Mangled by a shadow (33 damage)
             ... on level 5 of the Dungeon.
             The game lasted 00:06:25 (1315 turns).

hawla the Chiller (Meteoran Ice Elementalist)       Turns: 1315, Time: 00:06:26

Health: -8/62      AC:  3    Str: 10    XL:     8   Next: 21%
Magic:  14/18      EV: 13    Int: 25    God:
Gold:   181        SH:  0    Dex: 14    Spells: 11/19 levels left

rFire   . . .      SeeInvis .   e - +2 dagger (distort)
rCold   . . .      Faith    .   (no shield)
rNeg    + . .      Spirit   .   a - +0 robe
rPois   .          Reflect  .   (no helmet)
rElec   .          Harm     .   (no cloak)
rCorr   .          Rampage  .   f - +0 pair of gloves
Will    +....                   (no boots)
Stlth   +.........              (no amulet)
HPRegen 0.20/turn               m - ring "Buagerau" {rN+ Int+6}
MPRegen 0.16/turn               (no ring)

@: glowing
A: sense surroundings 1, otherworldly, glowing, explore regen
a: no special abilities


You were on level 5 of the Dungeon.
You visited 1 branch of the dungeon, and saw 5 of its levels.

You collected 181 gold pieces.

Inventory:

Hand Weapons
 e - a +2 dagger of distortion (weapon)
Armour
 a - a +0 robe (worn)
 f - a +0 pair of gloves (worn)
Jewellery
 m - the ring "Buagerau" (left hand) {rN+ Int+6}
   (You found it on level 5 of the Dungeon)

   [ring of intelligence]

   Int:       It affects your intelligence (+6).
   rN:        It protects you from negative energy.
Wands
 g - a wand of acid (12)
 h - a wand of charming (9)
Potions
 b - a potion of magic
 d - a potion of attraction {unknown}
 i - a potion of cancellation {unknown}
 j - a potion of brilliance {unknown}
 k - a potion of heal wounds {unknown}
 l - 2 potions of lignification {unknown}


   Skills:
 + Level 2.4 Fighting
 + Level 1.9 Short Blades
 + Level 4.3 Dodging
 - Level 1.4 Stealth
 + Level 6.0 Spellcasting
 + Level 1.3 Conjurations
 + Level 7.0 Ice Magic


You had 11 spell levels left.
You knew the following spells:

 Your Spells              Type           Power      Damage    Failure   Level
a - Freeze                Ice            100%       1d11      1%          1
b - Frozen Ramparts       Ice            84%        1d13      1%          3
c - Hailstorm             Conj/Ice       28%        3d8       13%         4

Your spell library contained the following spells:

 Spells                   Type           Power      Damage    Failure   Level
 Ozocubu's Armour         Ice            42%        N/A       1%          3
 Sandblast                Erth           14%        2d6       8%          1
 Passwall                 Tmut/Erth      5%         N/A       11%         2
 Stone Arrow              Conj/Erth      20%        3d8       17%         3
 Call Canine Familiar     Summ           7%         N/A       22%         3
 Portal Projectile        Hex/Tloc       14%        N/A       22%         3
 Leda's Liquefaction      Hex/Erth       3%         N/A       58%         4
 Ozocubu's Refrigeration  Ice            21%        4d12      98%         7


Dungeon Overview and Level Annotations

Branches:
Dungeon (5/15) Zot: 1688
 Temple: D:4-7

Altars:
Cheibriados
Dithmenos
Fedhas
Hepliaklqana
Kikubaaqudgha
Nemelex Xobeh
Uskayaw
Vehumet
Yredelemnul


Innate Abilities, Weirdness & Mutations

You passively map a small area around you.
You are easily found by Zot.
You glow in the dark.
You regain HP and MP as you explore.


Message History

Unknown command.
The wall freezes the orc!
You kill the orc!
The wall freezes the iguana.
The iguana seems to slow down.
The wall freezes the iguana!
You kill the iguana!
The frozen ramparts melt away as you move.
Things that are here:
a +0 trident; a +0 scale mail
Found a radiant altar of Vehumet.
A shadow comes into view.
The shadow moves out of view.
A white imp comes into view.
The white imp shouts!
The shadow slips into darkness.
The shadow flickers and vanishes!
Deactivating autopickup; reactivate with Ctrl-A.
The white imp gestures at you. The puff of frost hits you!
The shadow strikes at you from the darkness!
Reactivating autopickup.
You hear a shout!
You feel better.
A centaur comes into view.
The shadow hits you.
Casting: Frozen Ramparts (safe; 1% risk of failure)
Confirm with . or Enter, or press ? or * to list all spells.
Casting: Hailstorm (dangerous; 13% risk of failure)
Press: ? - help, Dir - look around, f - activate A cannonade of hail descends around you!
The hail pelts the white imp!
The white imp partially resists.
You kill the white imp!
The shadow slips into darkness.
The shadow flickers and vanishes!
Deactivating autopickup; reactivate with Ctrl-A.
You aren't carrying any scrolls.
Why would you want to do that?
The shadow strikes at you from the darkness!
Ouch! That really hurt!
You die...

, .#.≈.§§≈≈≈...# * ,
...§.≈§§.≈.≈.# *, *
*,#.§.≈§_.≈c≈.## * ,
#.≈.§§§...≈..## *
#.≈.§≈§≈≈.≈.... . *
#.#.#.≈.§§....≈.##...
>
#.#.#.≈≈≈≈≈≈≈{≈....#
.............@...#*
#.#..##.#####.#.## #
# #...#.# #...#
#.##.#.#.#)######.##
................#
#.##.##.##.########
#.........>#
#####.#.#### #.#.#


You could see a centaur.

Vanquished Creatures
  Sigmund (D:4)
  A phantom (D:5)
  A centaur (D:5)
  Blork the orc (D:5)
  A necrophage (D:4)
  A howler monkey (D:4)
  2 hounds
  An orc priest (D:5)
  2 iguanas (D:5)
  2 adders
  A white imp (D:5)
  A worm (D:5)
  A dart slug (D:2)
  9 orcs
  An endoplasm (D:4)
  2 giant cockroaches
  4 goblins
  3 hobgoblins (D:4)
  A kobold (D:3)
  3 quokkas
  3 ball pythons
  4 bats
  4 frilled lizards
  A rat (D:3)
51 creatures vanquished.

Notes
Turn   | Place    | Note
-------+----------+-------------------------------------------
     0 | D:1      | hawla the Meteoran Ice Elementalist began the quest for the
                  | Orb.
     0 | D:1      | Reached XP level 1. HP: 14/14 MP: 5/5
    75 | D:1      | Reached XP level 2. HP: 18/20 MP: 2/6
   246 | D:2      | Reached skill level 5 in Ice Magic
   246 | D:2      | Reached XP level 3. HP: 17/26 MP: 6/8
   451 | D:4      | Learned a level 3 spell: Frozen Ramparts
   495 | D:4      | Reached XP level 4. HP: 10/34 MP: 4/9
   664 | D:4      | Found a basalt altar of Yredelemnul.
   665 | D:4      | Noticed a necrophage
   672 | D:4      | Reached XP level 5. HP: 31/39 MP: 8/11
   677 | D:4      | Killed a necrophage
   678 | D:4      | Reached skill level 1 in Fighting
   678 | D:4      | Reached skill level 1 in Short Blades
   678 | D:4      | Reached XP level 6. HP: 35/47 MP: 8/13
   685 | D:4      | Reached skill level 6 in Ice Magic
   739 | D:4      | Noticed Sigmund
   756 | D:4      | Killed Sigmund
   757 | D:4      | Reached skill level 5 in Spellcasting
   757 | D:4      | Reached XP level 7. HP: 19/52 MP: 11/15
   906 | D:4      | Found a shadowy altar of Dithmenos.
   909 | D:4      | Found a hide-covered altar of Uskayaw.
   916 | D:4      | Found a hazy altar of Hepliaklqana.
   920 | D:4      | Found an ancient bone altar of Kikubaaqudgha.
   922 | D:4      | Found a snail-covered altar of Cheibriados.
   927 | D:4      | Found a blossoming altar of Fedhas.
  1050 | D:5      | Entered Level 5 of the Dungeon
  1089 | D:5      | Noticed Blork the orc
  1100 | D:5      | Killed Blork the orc
  1101 | D:5      | Reached skill level 7 in Ice Magic
  1101 | D:5      | Reached XP level 8. HP: 38/61 MP: 10/18
  1113 | D:5      | Identified the ring "Buagerau" {rN+ Int+6}
  1121 | D:5      | Learned a level 4 spell: Hailstorm
  1176 | D:5      | Reached skill level 1 in Conjurations
  1204 | D:5      | Found a sparkling altar of Nemelex Xobeh.
  1304 | D:5      | Found a radiant altar of Vehumet.
  1308 | D:5      | Noticed a shadow
  1315 | D:5      | Mangled by a shadow

Illustrated notes

Levels and vault maps discovered:
D:1:      dpeg_arrival_windows_large_door, layout_rooms, grunt_decor_junction,
          dreamdust_princess_corridor
D:2:      layout_basic, hellmonk_ecumenical_altar_dog_temple,
          minmay_pentomino_z2, uniq_crazy_yiuf_cottage, uniq_robin
D:3:      layout_basic
D:4:      layout_basic, mainiacjoe_overflow_tiny_flanked,
          nicolae_overflow_hallway_of_the_gods, hangedman_decor_peaks_small,
          uniq_sigmund
D:5:      layout_loops_ring, mainiacjoe_overflow_concentric_impassable,
          mainiacjoe_overflow_alcove_4, uniq_blork_the_orc

Skill      XL: |  1  2  3  4  5  6  7  8 |
---------------+-------------------------+-----
Ice Magic      | 5 6 7 |  7.0
Spellcasting   | 3 4 5 6 |  6.0
Dodging        | 3 4 |  4.3
Fighting       | 1 2 |  2.4
Short Blades   | 1 |  1.9
Conjurations   | 1 |  1.3
Stealth        | |  1.4

Action                   |  1- 3 |  4- 6 |  7- 9 || total
-------------------------+-------+-------+-------++-------
Melee: Unarmed           |     2 |       |       ||     2
       Dagger            |    16 |    20 |    13 ||    49
 Cast: Freeze            |    13 |     1 |     6 ||    20
       Frozen Ramparts   |     1 |     4 |     9 ||    14
       Hailstorm         |       |       |     2 ||     2
Evoke: Wand              |       |       |     2 ||     2
  Use: Scroll            |     1 |       |     1 ||     2
       Potion            |       |       |     2 ||     2
Armor: Robe              |     8 |     5 |     5 ||    18
Dodge: Dodged            |    24 |     9 |    13 ||    46
